 Dungeon Crawl Stone Soup version 0.28.0-53-g5a82cb258f (webtiles) character file.

Game seed: 5002361336010049818

113 NoAnimeNoLife the Conjurer (level 4, -30/33 HPs)
             Began as a Draconian Conjurer on June 3, 2022.
             Killed by an exploding adder (34 damage)
             ... ignited by their inner flame
             ... on level 3 of the Dungeon.
             The game lasted 00:02:58 (1927 turns).

NoAnimeNoLife the Conjurer (Draconian Conjurer)     Turns: 1927, Time: 00:02:59

Health: -30/33     AC:  5    Str:  9    XL:     4   Next: 65%
Magic:  1/8        EV: 12    Int: 21    God:
Gold:   91         SH:  0    Dex:  9    Spells: 6/9 levels left

rFire   . . .      SeeInvis .   f - +0 short sword
rCold   . . .      Faith    .   (no shield)
rNeg    . . .      Spirit   .   (armour unavailable)
rPois   .          Reflect  .   (helmet restricted)
rElec   .          Harm     .   (no cloak)
rCorr   .          Rampage  .   (no gloves)
Will    .....                   (no boots)
Stlth   ++........              (no amulet)
HPRegen 0.11/turn               (no ring)
MPRegen 0.11/turn               (no ring)

@: no status effects
A: AC +5, unfitting armour, cold-blooded
a: no special abilities


You were on level 3 of the Dungeon.
You visited 1 branch of the dungeon, and saw 3 of its levels.

You collected 91 gold pieces.

Inventory:

Hand Weapons
 f - a +0 short sword (weapon)
Scrolls
 c - a scroll of magic mapping
 e - a scroll of silence {unknown}
 g - 2 scrolls of torment


   Skills:
 - Level 1.7 Dodging
 - Level 1.7 Stealth
 + Level 3.0 Spellcasting
 * Level 5.5 Conjurations


You had 6 spell levels left.
You knew the following spells:

 Your Spells              Type           Power      Damage    Failure   Level
a - Magic Dart            Conj           100%       1d8       1%          1
b - Searing Ray           Conj           52%        2d6       1%          2

Your spell library contained the following spells:

 Spells                   Type           Power      Damage    Failure   Level
 Dazzling Flash           Conj/Hex       28%        N/A       13%         3
 Ozocubu's Armour         Ice            3%         N/A       36%         3
 Fulminant Prism          Conj/Hex       7%         3d7       38%         4
 Iskenderun's Mystic Bla  Conj/Tloc      14%        2d5       38%         4
 Ozocubu's Refrigeration  Ice            1%         4d5       100%        7


Dungeon Overview and Level Annotations

Branches:
Dungeon (3/15)

Altars:
Ashenzari


Innate Abilities, Weirdness & Mutations

Your plain brown scales are hard. (AC +5)
You cannot fit into any form of body armour.
You are cold-blooded and may be slowed by cold attacks.


Message History

Your Spellcasting skill increases to level 3!
Your Conjurations skill increases to level 5!
You have reached level 4!
You feel clever.
You aren't carrying any potions.
Okay, then.
Casting: Searing Ray (safe; 1% risk of failure)
Confirm with . or Enter, or press ? or * to list all spells.
Aiming: Searing Ray (safe; 1% risk of failure)
Press: ? - help, Shift-Dir - straight line, f - adder
Aim: an adder (66% to hit)
The searing ray misses the adder. (Press . to maintain the ray.)
The adder bites you.
* * * LOW HITPOINT WARNING * * *
Found a plate armour.
The adder misses you. The adder misses you.
There is a stone staircase leading up here.
The adder barely misses you.
Casting: Searing Ray (safe; 1% risk of failure)
Confirm with . or Enter, or press ? or * to list all spells.
Okay, then.
Okay, then.
As you read the scroll labelled FUCASUECAX, it crumbles to dust.
You feel aware of your surroundings.
You sensed 1 altar.
It was a scroll of magic mapping.
The adder barely misses you.
As you read the scroll labelled LYC IRUENEULI, it crumbles to dust.
The creatures around you are filled with an inner flame!
It was a scroll of immolation.
The adder barely misses you. The adder closely misses you.
As you read the scroll labelled VOFIOB LOPUA, it crumbles to dust.
Your body is wracked with pain!
* * * LOW HITPOINT WARNING * * *
The adder convulses!
Flame seeps out of the adder.
It was a scroll of torment.
The adder is engulfed in blazing flames.
The adder explodes!
The fiery explosion engulfs you!!
Ouch! That really hurt!
You die...

******,,,...# ***#.#.#**#.#***,*
*##* #,####.## #.#.####|# *,*
,..* #.#.....# ####.#.##...## *,#
*#.* #.#.###.###....#.##....###.#
,#.* #.....#.....##......._......
,#.#####..............###....##..
,#...............#..#.# ##...#*,,
,##........##.##.#..#.# #.###*,,
,,+........#...#@#..#.####.####..
**#.......##...#○§..#............
,,.............#<##.#####..#####.
*###########..##.#..........)....
,,,,,....[.....#.#..##########.##
*****...............# *,*
*...............# *,*
*****...............# *,*
,,,**.....#+##+##+#.#***** *,**


There were no monsters in sight!

Vanquished Creatures
  A phantom (D:3)
  An adder (D:3)
  A dart slug (D:3)
  3 ball pythons (D:1)
  3 endoplasms
  A giant cockroach (D:3)
  6 goblins
  A hobgoblin (D:1)
  8 jackals
  4 kobolds
  2 bats
  2 frilled lizards (D:1)
  4 rats (D:2)
37 creatures vanquished.

Vanquished Creatures (others)
  A plant (D:1)
1 creature vanquished.

Grand Total: 38 creatures vanquished

Notes
Turn   | Place    | Note
-------+----------+-------------------------------------------
     0 | D:1      | NoAnimeNoLife the Draconian Conjurer began the quest for
                  | the Orb.
     0 | D:1      | Reached XP level 1. HP: 14/14 MP: 3/3
   317 | D:1      | Reached XP level 2. HP: 20/20 MP: 1/5
  1037 | D:2      | Found a faded altar of an unknown god.
  1566 | D:2      | Reached XP level 3. HP: 26/26 MP: 3/6
  1612 | D:2      | Learned a level 2 spell: Searing Ray
  1844 | D:3      | Found a broken altar of Ashenzari.
  1877 | D:3      | Noticed a phantom
  1911 | D:3      | Killed a phantom
  1912 | D:3      | Reached skill level 5 in Conjurations
  1912 | D:3      | Reached XP level 4. HP: 6/33 MP: 1/8
  1927 | D:3      | Killed by an exploding adder... ignited by their inner
                  | flame

Illustrated notes

Levels and vault maps discovered:
D:1:      saegor_arrival_simple_d, layout_rooms, minmay_shallow_snake_nest
D:2:      layout_rooms, ebering_ecumenical_altar_box, st_stairs_14
D:3:      layout_basic, nicolae_overflow_crystal_walls, dk_xom_monty_hall

Skill      XL: |  1  2  3 |
---------------+----------+-----
Spellcasting   | 3 |  3.0
Conjurations   | 5 |  5.5
Dodging        | |  1.7
Stealth        | |  1.7

Action                   |  1- 3 |  4- 6 || total
-------------------------+-------+-------++-------
Melee: Unarmed           |    13 |       ||    13
       Short sword       |    70 |       ||    70
       Tailslap          |     8 |       ||     8
       Punch             |     2 |       ||     2
 Cast: Magic Dart        |    46 |       ||    46
       Searing Ray       |     1 |     1 ||     2
  Use: Potion            |     2 |       ||     2
       Scroll            |       |     3 ||     3
 Stab: Sleeping          |     2 |       ||     2
Armor: Skin              |    28 |       ||    28
Dodge: Dodged            |    68 |     6 ||    74
